 Dungeon Crawl Stone Soup version 0.28.0-45-g0d030f2227 (webtiles) character file.

Game seed: 9693937540385371588

35 issech the Cudgeller (level 3, 0/36 HPs)
             Began as a Troll Monk on Apr 7, 2022.
             Slain by a worm (4 damage)
             ... on level 2 of the Dungeon.
             The game lasted 00:02:10 (666 turns).

issech the Cudgeller (Troll Monk)                    Turns: 666, Time: 00:02:10

Health: 0/36       AC:  4    Str: 19    XL:     3   Next: 16%
Magic:  2/2        EV: 10    Int:  6    God:
Gold:   34         SH:  0    Dex: 14    Spells: 2/2 levels left

rFire   . . .      SeeInvis .   a - +0 mace
rCold   . . .      Faith    .   (no shield)
rNeg    . . .      Spirit   .   b - +0 robe
rPois   .          Reflect  .   (helmet restricted)
rElec   .          Harm     .   (no cloak)
rCorr   .          Rampage  .   (gloves unavailable)
Will    .....                   (boots unavailable)
Stlth   ++........              (no amulet)
HPRegen 0.92/turn               (no ring)
MPRegen 0.08/turn               (no ring)

@: no status effects
A: large, unfitting armour, claws 3, regeneration 1, shaggy fur 1, tough skin 1
a: no special abilities


You were on level 2 of the Dungeon.
You visited 1 branch of the dungeon, and saw 2 of its levels.

You collected 34 gold pieces.

Inventory:

Hand Weapons
 a - a +0 mace (weapon)
Missiles
 c - 48 stones (quivered)
 d - 6 poisoned darts
 f - 22 sling bullets
Armour
 b - a +0 robe (worn)
Scrolls
 e - a scroll of holy word {unknown}
 g - a scroll of immolation {unknown}
Potions
 h - a potion of attraction {unknown}


   Skills:
 + Level 2.7 Fighting
 + Level 3.2 Maces & Flails
 + Level 2.7 Dodging
 + Level 1.1 Stealth


You had 2 spell levels left.
You didn't know any spells.
Your spell library was empty.

Dungeon Overview and Level Annotations

Branches:
Dungeon (1/15)

Altars:


Innate Abilities, Weirdness & Mutations

You are too large for most types of armour.
You have claws for hands.
Your natural rate of healing is unusually fast.
You are covered in fur. (AC +1)
You have tough skin. (AC +1)


Message History

The worm is heavily wounded.
You barely miss the worm.
The worm is moderately wounded.
The worm barely misses you.
You hit the worm.
The worm is heavily wounded.
There is an open door here.
The worm barely misses you.
You throw a stone. The stone barely misses the worm.
An endoplasm comes into view.
An endoplasm comes into view.
You barely miss the worm. The worm closely misses you.
You hit the worm.
The worm is lightly wounded.
The worm barely misses you. x2
You barely miss the worm.
The worm is lightly wounded.
The worm bites you.
You hit the worm.
The worm is moderately wounded.
The worm bites you!
You hit the worm.
The worm is heavily wounded.
The worm barely misses you. The worm closely misses you.
You barely miss the worm.
The worm is moderately wounded.
The worm bites you.
You hit the worm but do no damage.
The worm is moderately wounded.
The worm bites you!
You hit the worm but do no damage.
The worm is moderately wounded.
The worm closely misses you. The worm bites you!
* * * LOW HITPOINT WARNING * * *
You hit the worm but do no damage.
The worm is moderately wounded.
The worm bites you.
* * * LOW HITPOINT WARNING * * *
The worm bites you.
You die...

........#.#
........#.#
........#.#
........#.######
................
......##...#####
.....# #...#
######+####††.#
.........@w...#
........##w...#
J.......##.#..####
........##.......#
.J......##..†>...#
##########.......#
#.......#
#.......#
#.......#


You could see 2 worms.

Vanquished Creatures
  A worm (D:2)
  3 dart slugs
  A ball python (D:2)
  A bat (D:1)
  3 endoplasms (D:2)
  2 giant cockroaches (D:2)
  A goblin (D:2)
  2 hobgoblins (D:2)
  3 kobolds (D:2)
  3 quokkas
  3 rats
23 creatures vanquished.

Notes
Turn   | Place    | Note
-------+----------+-------------------------------------------
     0 | D:1      | issech the Troll Monk began the quest for the Orb.
     0 | D:1      | Reached XP level 1. HP: 22/22 MP: 0/0
   252 | D:1      | You fall into a shaft and drop 1 floor!
   289 | D:2      | Reached XP level 2. HP: 27/29 MP: 1/1
   296 | D:2      | Reached skill level 3 in Maces & Flails
   613 | D:2      | Reached XP level 3. HP: 36/36 MP: 2/2
   666 | D:2      | Slain by a worm

Illustrated notes

Levels and vault maps discovered:
D:1:      tarquinn_simple_flora_water_f, layout_basic
D:2:      minmay_wonky_spiral, layout_basic

Skill      XL: |  1  2 |
---------------+-------+-----
Maces & Flails | 3 |  3.2
Fighting       | |  2.7
Dodging        | |  2.7
Stealth        | |  1.1

Action                   || total
-------------------------++-------
Melee: Mace              ||    91
Throw: Stone             ||     4
 Stab: Sleeping          ||     1
Armor: Robe              ||    48
Dodge: Dodged            ||    63
